 Dungeon Crawl Stone Soup version 0.24.0-123-gd5b16e6ec5 (webtiles) character file.

Game seed: 15657362033146236420, levelgen mode: deterministic

26 ANNNA the Conjurer (level 3, 0/19 HPs)
             Began as a Kobold Conjurer on Feb 13, 2020.
             Slain by Natasha (7 damage)
             ... on level 2 of the Dungeon.
             The game lasted 00:05:09 (1409 turns).

ANNNA the Conjurer (Kobold Conjurer)                Turns: 1409, Time: 00:05:09

Health: 0/19       AC:  2    Str:  5    XL:     3   Next: 22%
Magic:  1/6        EV: 15    Int: 17    God:
Gold:   65         SH:  0    Dex: 15    Spells: 4/7 levels left

rFire    . . .     SeeInvis .   l - +0 short sword
rCold    . . .     Gourm    .   (shield restricted)
rNeg     . . .     Faith    .   a - +0 robe
rPois    .         Spirit   .   (no helmet)
rElec    .         Reflect  .   (no cloak)
rCorr    .         Harm     .   (no gloves)
MR       .....                  (no boots)
Stlth    ++........             (no amulet)
HPRegen  0.06/turn              (no ring)
MPRegen  0.10/turn              (no ring)

@: slowed, very slow
A: small, carnivore
a: no special abilities


You were on level 2 of the Dungeon.
You were hungry.

You visited 1 branch of the dungeon, and saw 2 of its levels.

You collected 65 gold pieces.

Inventory:

Hand Weapons
 l - a +0 short sword (weapon)
 q - a +0 spear of piercing
Missiles
 g - 18 poisoned darts (quivered)
 h - 18 arrows
 i - 61 stones
Armour
 a - a +0 robe (worn)
Scrolls
 b - 3 scrolls of teleportation {unknown}
 d - a scroll of random uselessness {unknown}
 e - 3 scrolls of amnesia {unknown}
 f - a scroll of enchant weapon {unknown}
 m - a scroll of remove curse {unknown}
Potions
 j - a potion of curing {unknown}
 k - a potion of heal wounds
 n - a potion of might {unknown}
 o - a potion of haste {unknown}
 p - a potion of brilliance {unknown}
Comestibles
 c - a ration


   Skills:
 + Level 2.8 Dodging
 + Level 2.7 Stealth
 + Level 2.5 Spellcasting
 + Level 4.5 Conjurations


You had 4 spell levels left.
You knew the following spells:

 Your Spells              Type           Power        Failure   Level  Hunger
a - Magic Dart            Conj           ###.         2%          1    #......
b - Searing Ray           Conj           ###...       4%          2    ##.....

Your spell library contained the following spells:

 Spells                   Type           Power        Failure   Level  Hunger
 Dazzling Spray           Conj/Hex       #.....       22%         3    ###....
 Iskenderun's Mystic Bla  Conj           ###.....     28%         4    #####..
 Force Lance              Conj/Tloc      #.......     56%         4    #####..
 Fulminant Prism          Conj/Hex       #.........   56%         4    #####..


Dungeon Overview and Level Annotations

Branches:
Dungeon (2/15)

Altars:

Annotations:
D:2 Natasha


Innate Abilities, Weirdness & Mutations

You are small and have problems with some larger weapons.
You are carnivorous and can eat meat at any time.


Message History

The magic dart hits you.
* * * LOW HITPOINT WARNING * * *
Natasha stares at you and mumbles some strange words.
You resist with significant effort. Natasha completely misses you.
Natasha closely misses you.
You see here 2 white potions.
It was a potion of heal wounds.
You feel much better.
Natasha mumbles some strange words.
You hit Natasha.
Natasha is lightly wounded.
Natasha closely misses you. Natasha casts a spell at you.
The magic dart hits you!
You barely miss Natasha.
Natasha is lightly wounded.
Natasha claws you.
The crimson imp hits you but does no damage.
Natasha claws you!
You die...

#.#..#..#####.#
##..............
.......†........
......#....###.#
..##.##....#
#########.##....#
................#
..........##$.###
.......@..##..#
.......h5.##..#####.
..###.....##........
..<..........#......
..#######.##.....##.
........###
###.###..# #.# .##
#.# ..


You could see Natasha and a crimson imp.

Vanquished Creatures
  A dart slug (D:1)
  A leopard gecko (D:1)
  3 giant cockroaches
  A ball python (D:1)
  5 bats (D:1)
  5 goblins (D:1)
  3 kobolds (D:1)
  4 rats (D:1)
23 creatures vanquished.

Vanquished Creatures (others)
  A goblin (D:1)
1 creature vanquished.

Grand Total: 24 creatures vanquished

Notes
Turn   | Place    | Note
-------+----------+-------------------------------------------
     0 | D:1      | ANNNA the Kobold Conjurer began the quest for the Orb.
     0 | D:1      | Reached XP level 1. HP: 10/10 MP: 3/3
   281 | D:1      | Reached XP level 2. HP: 15/15 MP: 3/5
   820 | D:1      | Learned a level 2 spell: Searing Ray
   873 | D:1      | Reached XP level 3. HP: 19/19 MP: 2/6
  1374 | D:2      | Noticed Natasha
  1409 | D:2      | Slain by Natasha

Levels and vault maps discovered:
D:1:      dpeg_arrival_rooms_a, layout_basic, lemuel_flame_loot_1
D:2:      layout_basic, uniq_crazy_yiuf_cottage, uniq_natasha

Action                   || total
-------------------------++-------
Melee: Unarmed           ||     2
       Short sword       ||    15
 Cast: Magic Dart        ||    46
       Searing Ray       ||     1
  Use: Potion            ||     1
  Eat: Chunk             ||     1
Armor: Robe              ||     9
Dodge: Dodged            ||    33
